 Dungeon Crawl Stone Soup version 0.30-a0-715-gdb4ae3ece1 (webtiles) character file.

Game seed: 9314313532027066343

5 themarg the Caller (level 1, 0/13 HPs)
             Began as a Barachi Summoner on Jan 23, 2023.
             Slain by a hobgoblin (2 damage)
             ... on level 1 of the Dungeon.
             The game lasted 00:01:09 (69 turns).

themarg the Caller (Barachi Summoner)                 Turns: 69, Time: 00:01:10

Health: 0/13       AC:  2    Str:  9    XL:     1   Next: 80%
Magic:  1/3        EV: 12    Int: 15    God:
Gold:   0          SH:  0    Dex: 12    Spells: 3/4 levels left

rFire   . . .      SeeInvis .    c - +0 short sword
rCold   . . .      Faith    .    (no shield)
rNeg    . . .      Spirit   .    a - +0 robe
rPois   .          Reflect  .    (no helmet)
rElec   .          Harm     .    (no cloak)
rCorr   .          Rampage  .    (no gloves)
Will    .....                    (no boots)
Stlth   ++                       (no amulet)
HPRegen 0.22/turn                (no ring)
MPRegen 0.08/turn                (no ring)

@: slow
A: amphibious, slowness 1, strong legs 1, +LOS
a: Hop


You were on level 1 of the Dungeon.
You visited 1 branch of the dungeon, and saw 1 of its levels.

Inventory:

Hand Weapons
 c - a +0 short sword (weapon)
Armour
 a - a +0 robe (worn)
Potions
 b - a potion of magic


   Skills:
 - Level 2.1 Dodging
 - Level 2.0 Stealth
 + Level 2.3 Spellcasting
 + Level 5.0 Summonings


You had 3 spell levels left.
You knew the following spells:

 Your Spells              Type           Power      Damage    Failure   Level
a - Summon Small Mammal   Summ           64%        N/A       2%          1

Your spell library contained the following spells:

 Spells                   Type           Power      Damage    Failure   Level
 Call Imp                 Summ           16%        N/A       4%          2
 Call Canine Familiar     Summ           16%        N/A       9%          3
 Summon Guardian Golem    Hex/Summ       9%         N/A       22%         3
 Summon Lightning Spire   Summ/Air       9%         N/A       58%         4


Dungeon Overview and Level Annotations

Branches:
Dungeon (1/15)

Altars:


Innate Abilities, Weirdness & Mutations

You are amphibious.
You cover ground slowly.
You can hop short distances.
You have an extended range of vision and can be seen from far away.


Message History

The hobgoblin attacks as you move away! The hobgoblin barely misses you.
Your bat barely misses the hobgoblin.
The hobgoblin hits your bat. The bat misses you.
Your bat hits the bat but does no damage.
The bat barely misses you.
Your bat closely misses the bat.
The bat hits you but does no damage. The bat barely misses you.
The bat misses you.
Your bat completely misses the hobgoblin.
The hobgoblin hits your bat.
Your bat dies!
Your bat's corpse disappears in a puff of smoke!
The bat hits you.
You swap places.
The bat hits your rat but does no damage.
The bat hits your rat. The hobgoblin attacks as you move away!
The hobgoblin hits you. The bat closely misses your rat.
The hobgoblin attacks as you move away! The hobgoblin hits you.
The bat attacks as you move away! The bat hits you but does no damage.
The hobgoblin attacks as you move away! The hobgoblin closely misses you.
The bat barely misses you.
Things that are here:
a +0 short sword; a kobold corpse
c - a +0 short sword The bat hits you but does no damage.
The hobgoblin barely misses you.
c - a +0 short sword (weapon)
The hobgoblin barely misses you.
You closely miss the hobgoblin.
The hobgoblin is moderately wounded.
The bat barely misses you. The hobgoblin hits you.
You barely miss the hobgoblin.
The hobgoblin is moderately wounded.
Your rat misses the bat. The hobgoblin misses you.
You completely miss the hobgoblin.
The hobgoblin is moderately wounded.
The bat barely misses you. The hobgoblin hits you.
* * * LOW HITPOINT WARNING * * *
You swap places.
The bat barely misses you.
Your rat closely misses the bat.
The hobgoblin hits you.
You die...

#...# #.#'####
#.#....###
#........###
######...#......###
##......####...<...#
##.......!#####.....#
#.....g..†..#####>#.#
#....@rb......# ##.#
#.......)....... #
#........##...(..
#........# ..##..
##............. .
##.....#.....#
######..... ......
......


You could see a hobgoblin, a bat (ally target) and a friendly rat (summoned).

Vanquished Creatures (collateral kills)
  A ball python (D:1)
  A goblin (D:1)
  A hobgoblin (D:1)
  A kobold (D:1)
4 creatures vanquished.

Notes
Turn   | Place    | Note
-------+----------+-------------------------------------------
     0 | D:1      | themarg the Barachi Summoner began the quest for the Orb.
     0 | D:1      | Reached XP level 1. HP: 13/13 MP: 3/3
    25 | D:1      | Reached skill level 5 in Summonings
    69 | D:1      | Slain by a hobgoblin

Illustrated notes

Levels and vault maps discovered:
D:1:      dpeg_arrival_long_road, layout_rooms

Skill      XL: |  1 |
---------------+----+-----
Stealth        | 2 |  2.0
Summonings     | 5 |  5.0
Dodging        | |  2.1
Spellcasting   | |  2.3

Action                     || total
---------------------------++-------
  Melee: Short sword       ||     3
         Unarmed           ||     3
   Cast: Summon Small Mamm ||     7
 Armour: Robe              ||     3
  Dodge: Dodged            ||    18

Table legend: (Time is in decaauts)
 A = Elapsed time spent in this place.
 B = Non-inter-level travel time spent in this place.
 C = Inter-level travel time spent in this place.
 D = Time resting spent in this place.
 E = Time spent auto-exploring this place.
 F = Levels seen in this place.
 G = Mean time per level.
                   A        B        C        D        E       F      G
               +--------+--------+--------+--------+--------+-----+--------+
         Total |     74 |     74 |      0 |      8 |     12 |   1 |   74.0 |
       Dungeon |     74 |     74 |      0 |      8 |     12 |   1 |   74.0 |
               +--------+--------+--------+--------+--------+-----+--------+

Top non-repeatable levels by time:
     D:1: 74 daAuts
